 Dungeon Crawl Stone Soup version 0.29-a0-1033-gb6c65ffae6 (webtiles) character file.

Game seed: 1740731123255998487

28784 lesbiats the Fighter (level 13, -1/85 HPs)
             Began as a Gargoyle Earth Elementalist on Aug 10, 2022.
             Was a Believer of Ashenzari.
             Slain by a hornet (10 damage)
             ... on level 5 of the Lair of Beasts on Aug 14, 2022.
             The game lasted 02:01:44 (19995 turns).

lesbiats the Fighter (Gargoyle Earth Elementalist) Turns: 19995, Time: 02:01:44

Health: -1/85      AC: 19    Str: 21    XL:     13   Next: 41%
Magic:  32/37      EV: 14    Int: 20    God:    Ashenzari [**....]
Gold:   693        SH:  0    Dex: 10    Spells: 13/34 levels left

rFire   + + .      SeeInvis +   Q - staff of conjuration
rCold   . . .      Faith    .   (no shield)
rNeg    + . .      Spirit   .   a - +0 steam dragon scales "Prophetic Oracle" {Bglg, Self} (curse)
rPois   ∞          Reflect  .   k - +1 helmet of Decompression {MP+9 Str+3 Slay+3}
rElec   +          Harm     .   I - +0 cloak of the Omniscient Ordeal {rPois, Elem, Bglg} (curse)
rCorr   .          Rampage  .   J - +0 pair of gloves
Will    .....                   c - +0 pair of boots of Time Monsters {rF+ Str+5}
Stlth   ++........              h - amulet "Lashed Together" {Regen+, Cun, Self} (curse)
HPRegen 1.04/turn               n - ring of flight
MPRegen 0.25/turn               f - ring of protection from fire

@: flying
A: sickness immunity, AC +9, negative energy resistance 1, electricity
resistance, torment resistance 1, petrification resistance
a: Renounce Religion, Curse Item, Shatter the Chains


You were on level 5 of the Lair of Beasts.
You worshipped Ashenzari.
Ashenzari was pleased with you.
You visited 2 branches of the dungeon, and saw 13 of its levels.
You also visited: Gauntlet.

You collected 733 gold pieces.
You spent 40 gold pieces at shops.

Inventory:

Hand Weapons
 N - a +0 demon blade of venom
Missiles
 j - 8 boomerangs
 s - 15 poisoned darts
 u - 2 throwing nets
 C - 78 stones
 K - 2 curare-tipped darts
Armour
 a - the cursed +0 steam dragon scales "Prophetic Oracle" (worn) {Bglg, Self}
   (You found it on level 7 of the Dungeon)

   It has a curse which improves the following skills: Beguiling: Conjurations,
   Hexes and Translocations.
   Introspection: Fighting and Spellcasting.
 c - the +0 pair of boots of Time Monsters (worn) {rF+ Str+5}
   (You found it in a Gauntlet)

   Str:       It affects your strength (+5).
   rF:        It protects you from fire.
 k - the +1 helmet of Decompression (worn) {MP+9 Str+3 Slay+3}
   (You found it on level 2 of the Lair of Beasts)

   Str:       It affects your strength (+3).
   Slay:      It affects your accuracy & damage with ranged weapons and melee
   (+3).
   MP:        It affects your magic capacity (+9).
 A - a +2 ring mail of cold resistance
 I - the cursed +0 cloak of the Omniscient Ordeal (worn) {rPois, Elem, Bglg}
   (You took it off Crazy Yiuf on level 3 of the Dungeon)

   It has a curse which improves the following skills: Elements: Fire Magic, Ice
   Magic, Air Magic and Earth Magic.
   Beguiling: Conjurations, Hexes and Translocations.
 J - a +0 pair of gloves (worn)
Magical Staves
 Q - a staff of conjuration (weapon)
 S - a staff of earth
Jewellery
 f - a ring of protection from fire (right hand)
 h - the cursed amulet "Lashed Together" (around neck) {Regen+, Cun, Self}
   (You found it on level 1 of the Dungeon)

   [amulet of regeneration]

   Regen:     It increases your rate of health regeneration.
   It has a curse which improves the following skills: Cunning: Dodging and
   Stealth.
   Introspection: Fighting and Spellcasting.
 l - a ring of positive energy
 n - a ring of flight (left hand)
 P - a +4 ring of protection
 R - the ring "Xogi" {rElec rPois Will+ SInv}
   (You found it in a Gauntlet)

   [ring of willpower]

   rElec:     It insulates you from electricity.
   rPois:     It protects you from poison.
   SInv:      It lets you see invisible.
   Will:      It increases your willpower.
 X - a +4 ring of evasion
Wands
 t - a wand of flame (12)
 D - a wand of roots (20)
 G - a wand of mindburst (13)
 H - a wand of quicksilver (16)
 T - a wand of charming (6)
Scrolls
 b - 7 scrolls of identify
 d - 2 scrolls of butterflies
 e - 2 scrolls of enchant armour
 i - a scroll of magic mapping
 o - 3 scrolls of fear
 q - 3 scrolls of poison
 w - 2 scrolls of vulnerability
 x - 2 scrolls of acquirement
 B - 2 scrolls of teleportation
 F - a scroll of immolation
 M - a scroll of torment
 O - a scroll of summoning
 W - 3 scrolls of noise
Potions
 m - 3 potions of berserk rage
 p - 3 potions of flight
 r - 3 potions of attraction
 v - a potion of haste
 z - a potion of cancellation
 E - 2 potions of mutation
 L - 2 potions of resistance
 U - a potion of degeneration
Miscellaneous
 y - a phial of floods


   Skills:
 + Level 9.8(11.7) Fighting
 + Level 7.6 Polearms
 + Level 7.7(9.0) Dodging
 - Level 2.1(3.1) Stealth
 + Level 9.1(11.0) Spellcasting
 - Level 7.3(9.2) Conjurations
 + Level 8.0(10.0) Translocations
 - Level 0.7 Transmutations
 - Level 4.4(5.6) Fire Magic
 * Level 9.2(10.4) Earth Magic


You had 13 spell levels left.
You knew the following spells:

 Your Spells              Type           Power      Damage    Failure   Level
a - Stone Arrow           Conj/Erth      100%       3d13      1%          3
b - Sandblast             Erth           100%       2d20      1%          1
f - Flame Wave            Conj/Fire      57%        2d14      3%          4
g - Gell's Gravitas       Tloc           50%        N/A       1%          3
p - Passwall              Tmut/Erth      27%        N/A       1%          2
s - Iskenderun's Battles  Conj           64%        2d11      3%          5
t - Teleport Other        Tloc           50%        N/A       1%          3

Your spell library contained the following spells:

 Spells                   Type           Power      Damage    Failure   Level
 Scorch                   Fire           66%        2d8       1%          2
 Sting                    Tmut/Pois      48%        1d5       5%          1
 Summon Small Mammal      Summ           44%        N/A       6%          1
 Petrify                  Tmut/Erth      33%        N/A       6%          4
 Poisonous Vapours        Pois/Air       22%        N/A       10%         2
 Dispersal                Tloc           25%        N/A       16%         6
 Iron Shot                Conj/Erth      33%        9d7       17%         6
 Olgreb's Toxic Radiance  Pois           11%        N/A       52%         4
 Summon Cactus Giant      Summ           5%         N/A       100%        6
 Spellforged Servitor     Conj/Summ      22%        N/A       100%        7


Dungeon Overview and Level Annotations

Branches:
Dungeon (8/15)             Temple (0/1) D:7            Lair (5/5) D:8
 Shoals (0/4) Lair:3       Spider (0/4) Lair:3        Slime (0/5) Lair:4
Gauntlet (visited)

Altars:
Ashenzari
Fedhas
Gozag
Kikubaaqudgha
Okawaru
Sif Muna
Vehumet
Yredelemnul

Shops:
D:1 *:(   D:3 ((**(   D:7 [


Innate Abilities, Weirdness & Mutations

You are immune to sickness and miasma.
Your stone body is resilient. (AC +9)
You are immune to poison.
You resist negative energy. (rN+)
You are resistant to electric shocks. (rElec)
You are resistant to unholy torment.
You are immune to petrification.


Message History

The flame wave engulfs the spriggan!
You kill the spriggan!
The flame wave engulfs the wolf.
The wolf is moderately wounded.
The flame wave engulfs the water moccasin!!
The water moccasin is severely wounded.
The flame wave engulfs the spriggan!
The spriggan is severely wounded.
The flame wave engulfs the black bear!!
The black bear is severely wounded.
The tree burns like a torch!
The flame wave engulfs the hornet!!
The hornet is heavily wounded.
The flame wave engulfs the wolf!
The wolf is heavily wounded.
The flame wave engulfs the boggart!!
You kill the boggart!
The water moccasin dissolves into shadows! x2
You finish channelling waves of flame. 3 spriggans come into view.
A spriggan is wielding a +1 rapier of draining.
You are engulfed in blazing flames.
You resist.
* * * LOW HITPOINT WARNING * * *
You hear a shout!
You hear a bellow!
You hear a howl! x2; You hear a croak.
You hear a shout!
You hear a howl!
The wolf is engulfed in blazing flames.
The wolf bites you!
* * * LOW HITPOINT WARNING * * *
The hornet is engulfed in a forest fire.
The hornet stings you but does no damage.
The spriggan is engulfed in blazing flames.
You kill the spriggan!
The wolf is engulfed in blazing flames.
You kill the wolf!
A spriggan comes into view. It is wielding a +0 short sword.
The spriggan rider is engulfed in blazing flames.
You kill the hornet!
The spriggan falls from its now dead mount.
The spriggan hits you but does no damage.
The hornet is engulfed in a forest fire.
The hornet stings you!
You die...

, ♣ * * *
♣♣♣♣♣.♣ * * **
.♣..$.. , * **
* *..h.... * i
♣♣♣♣♣♣♣....♣,,
..♣♣§§§§§..♣*
* ....§§§§°h.♣
* *♣..Yhyi°h§♣
* * ♣hy§§@§§§♣
, * *
....h§§§§§§♣ *
* , *
....§§§§§§§♣*
* ..♣.§§§§§§§♣
, ,, * .
♣♣♣♣♣♣♣♣♣i. ,
** , ..., * ,
,, , , ♣.. * *
* * *.?


You could see a polar bear, 2 hornets, 3 black bears, 3 spriggans, 2 wolves and
a dream sheep.

Vanquished Creatures
  A green death (Gauntlet)
  3 hydras
  A boulder beetle (Lair:4)
  Amaemon (Lair:2)
  The ghost of gdog the Covert, a novice GnDe (D:8)
  A death drake (Gauntlet)
  A lindwurm (Lair:2)
  Pikel (D:8)
  A wolf spider zombie (Gauntlet)
  6 elephants (Lair:4)
  A merfolk siren (Lair:3)
  A spectral centaur (Gauntlet)
  A centaur zombie (Gauntlet)
  5 black mambas
  12 cane toads
  A torpor snail (Lair:2)
  An orange demon (Lair:2)
  2 rime drakes
  3 komodo dragons
  A polar bear (Lair:5)
  Grinder (D:3)
  2 hornets
  6 dream sheep (Lair:5)
  Sigmund (D:2)
  3 spriggans (Lair:5)
  16 yaks
  4 wyverns
  5 basilisks
  3 steam dragons
  Edmund (D:6)
  14 water moccasins
  An orc warrior (D:6)
  6 ice beasts
  5 black bears
  A sky beast (D:7)
  2 ogres
  12 wolves
  A boggart (Lair:5)
  2 centaurs (D:8)
  A phantom (D:7)
  16 bullfrogs
  5 scorpions
  5 wights (D:8)
  5 killer bees
  2 howler monkeys (D:7)
  An electric eel (D:8)
  A wyvern simulacrum (D:8)
  A hound (D:6)
  A jelly (D:6)
  5 orc priests
  3 iguanas
  Crazy Yiuf (D:3)
  Ijyb (D:5)
  Natasha (thrice) (D:3)
  6 orc wizards
  6 hell rats (Lair:3)
  7 adders
  3 shadow imps
  6 white imps
  2 ufetubi
  2 worms (D:2)
  2 dart slugs (D:1)
  25 orcs
  5 ball pythons
  4 endoplasms
  4 giant cockroaches
  6 hobgoblins
  4 quokkas
  A bat (D:2)
  6 frilled lizards
  6 goblins
  5 kobolds
  3 rats
285 creatures vanquished.

Vanquished Creatures (others)
  An ufetubus (D:8)
  An orc (D:8)
  11 demonic plants (Gauntlet)
  27 fungi
  53 plants
  A withered plant (Gauntlet)
94 creatures vanquished.

Grand Total: 379 creatures vanquished

Notes
Turn   | Place    | Note
-------+----------+-------------------------------------------
     0 | D:1      | lesbiats the Gargoyle Earth Elementalist began the quest
                  | for the Orb.
     0 | D:1      | Reached XP level 1. HP: 10/10 MP: 3/3
   287 | D:1      | Reached skill level 1 in Conjurations
   287 | D:1      | Reached XP level 2. HP: 15/15 MP: 3/5
   509 | D:1      | Found Qoynlof's Book Emporium.
   867 | D:1      | Found a faded altar of an unknown god.
   939 | D:1      | Found Beorch's Weapon Shoppe.
  1098 | D:1      | Reached XP level 3. HP: 19/19 MP: 4/6
  1102 | D:1      | Learned a level 3 spell: Stone Arrow
  1105 | D:1      | Learned a level 2 spell: Passwall
  1127 | D:1      | Found Beqye's General Store.
  1132 | D:1      | Bought a scroll of identify for 20 gold pieces
  1132 | D:1      | Bought a scroll of identify for 20 gold pieces
  1345 | D:2      | Noticed Sigmund
  2062 | D:2      | Killed Sigmund
  2063 | D:2      | Reached skill level 5 in Earth Magic
  2063 | D:2      | Reached XP level 4. HP: 24/24 MP: 2/8
  2063 | D:2      | Reached XP level 5. HP: 28/28 MP: 2/9
  2985 | D:3      | Found Budeit's Weapon Shoppe.
  3019 | D:3      | Found Bumihugge's General Store.
  3069 | D:3      | Found Xyobrad's General Store.
  3084 | D:3      | Found a broken altar of Ashenzari.
  3100 | D:3      | Became a worshipper of Ashenzari the Shackled
  3137 | D:3      | Noticed Natasha
  3145 | D:3      | Killed Natasha
  3146 | D:3      | Reached XP level 6. HP: 28/32 MP: 7/10
  3412 | D:3      | Noticed Grinder
  3417 | D:3      | Killed Grinder
  3418 | D:3      | Reached XP level 7. HP: 36/36 MP: 7/12
  3606 | D:3      | Found Loodehaz's Weapon Shoppe.
  3788 | D:3      | Noticed Natasha
  3792 | D:3      | Killed Natasha
  3813 | D:3      | Noticed Natasha
  3817 | D:3      | Killed Natasha
  4221 | D:3      | Found Plog's Weapon Shop.
  4489 | D:3      | Found a runed translucent door.
  4490 | D:3      | Noticed Crazy Yiuf
  4640 | D:3      | Killed Crazy Yiuf
  4729 | D:4      | Reached skill level 5 in Conjurations
  4777 | D:4      | Identified 2 scrolls of acquirement
  5255 | D:4      | Found a transporter.
  5305 | D:4      | Reached * piety under Ashenzari
  5338 | D:4      | Found a transporter.
  5527 | D:4      | Upgraded the game from 0.29-a0-1016-g236c7fd91e to
                  | 0.29-a0-1019-g84f7d21838
  5677 | D:4      | Reached skill level 1 in Fighting
  5684 | D:4      | Reached skill level 1 in Translocations
  5684 | D:4      | Reached XP level 8. HP: 12/44 MP: 11/14
  5922 | D:5      | Entered Level 5 of the Dungeon
  6002 | D:5      | Noticed Ijyb
  6003 | D:5      | Killed Ijyb
  6162 | D:5      | Reached ** piety under Ashenzari
  6971 | D:6      | Reached skill level 1 in Polearms
  7317 | D:6      | Found a basalt altar of Yredelemnul.
  7434 | D:6      | Learned a level 3 spell: Gell's Gravitas
  7438 | D:6      | Learned a level 3 spell: Teleport Other
  7455 | D:6      | Found an opulent altar of Gozag.
  7487 | D:6      | Noticed Edmund
  7491 | D:6      | Killed Edmund
  7492 | D:6      | Reached XP level 9. HP: 51/51 MP: 6/16
  7678 | D:6      | Reached skill level 5 in Spellcasting
  8754 | D:7      | Reached skill level 1 in Fire Magic
  9042 | D:7      | Found a staircase to the Ecumenical Temple.
  9574 | D:7      | Found Xugoogo's Armour Shoppe.
 10088 | D:7      | Found an iron altar of Okawaru.
 10254 | D:7      | Found a blossoming altar of Fedhas.
 10665 | D:7      | Learned a level 4 spell: Flame Wave
 11041 | D:8      | Reached skill level 5 in Fighting
 11066 | D:8      | Reached XP level 10. HP: 60/60 MP: 15/20
 11173 | D:7      | Upgraded the game from 0.29-a0-1019-g84f7d21838 to
                  | 0.29-a0-1023-g6ae1a4a2c7
 11545 | D:8      | Found a staircase to the Lair.
 11614 | D:8      | Noticed gdog's ghost (novice GnDe)
 11617 | D:8      | Found a runed translucent door.
 11936 | D:8      | Noticed Pikel
 12059 | D:8      | Killed Pikel
 12060 | D:8      | Reached skill level 5 in Dodging
 12064 | D:7      | Reached skill level 5 in Translocations
 12461 | D:8      | Found an ancient bone altar of Kikubaaqudgha.
 12464 | D:8      | Identified Sif Muna's Cyclopedia of the Swarm
 12467 | D:8      | Found a shimmering blue altar of Sif Muna.
 12469 | D:8      | Found a radiant altar of Vehumet.
 12938 | D:8      | Killed gdog's ghost
 12939 | D:8      | Reached XP level 11. HP: 68/68 MP: 9/22
 13154 | Lair:1   | Entered Level 1 of the Lair of Beasts
 13528 | Lair:1   | Reached skill level 5 in Polearms
 13869 | Lair:1   | Identified the +2 leather armour of Somewhere Else {Str+2
                  | Dex-5 Stlth+}
 14190 | Lair:2   | Noticed an eight-headed hydra
 14233 | Lair:1   | Killed an eight-headed hydra
 14538 | Lair:2   | Noticed a lindwurm
 14544 | Lair:2   | Killed a lindwurm
 14586 | Lair:2   | Found a gate leading to a gauntlet.
 14603 | Gauntlet | Entered a Gauntlet
 14603 | Gauntlet | Noticed a green ugly thing
 14603 | Gauntlet | Noticed a cyan ugly thing
 14603 | Gauntlet | Found a transporter.
 14606 | Gauntlet | Noticed a glowing orange brain
 14612 | Gauntlet | Noticed a death drake
 14635 | Gauntlet | Noticed a glowing orange brain
 14722 | Gauntlet | Found a transporter.
 14726 | Gauntlet | Found a transporter.
 14726 | Gauntlet | Identified the +0 pair of boots of Time Monsters {rF+
                  | Str+5}
 14727 | Gauntlet | Found a transporter.
 14727 | Gauntlet | Identified the ring "Cylaer" {Fly rPois rC+ Int-5 Dex+6
                  | Stlth+}
 14730 | Gauntlet | Found a transporter.
 14731 | Gauntlet | Found a transporter.
 14736 | Gauntlet | Noticed a blizzard demon
 14738 | Gauntlet | Noticed a green death
 14739 | Gauntlet | Found a transporter.
 14740 | Gauntlet | Identified the ring "Xogi" {rElec rPois Will+ SInv}
 14745 | Gauntlet | Found a transporter.
 14860 | Gauntlet | Killed a death drake
 15038 | Gauntlet | Killed a green death
 15416 | Gauntlet | Identified the +7 flail "Cun Niga" {freeze, rPois Int+3}
 15416 | Gauntlet | Identified the +6 shortbow of Peace {vorpal, *Corrode rElec
                  | rPois Stlth+}
 15416 | Gauntlet | Noticed a minotaur
 15508 | Lair:2   | Reached XP level 12. HP: 50/77 MP: 4/25
 15656 | Lair:2   | Noticed Amaemon
 15834 | Lair:2   | Killed Amaemon
 16467 | Lair:2   | Identified the +1 helmet of Decompression {MP+9 Str+3
                  | Slay+3}
 16735 | Lair:2   | Learned a level 5 spell: Iskenderun's Battlesphere
 16920 | Lair:2   | Upgraded the game from 0.29-a0-1023-g6ae1a4a2c7 to
                  | 0.29-a0-1033-gb6c65ffae6
 17729 | Lair:3   | Found a staircase to the Shoals.
 18037 | Lair:3   | Found a hole to the Spider Nest.
 19000 | Lair:4   | Noticed a boulder beetle
 19011 | Lair:4   | Killed a boulder beetle
 19131 | Lair:4   | Reached XP level 13. HP: 84/84 MP: 27/27
 19389 | Lair:4   | Found a staircase to the Slime Pits.
 19726 | Lair:5   | Entered Level 5 of the Lair of Beasts
 19995 | Lair:5   | Slain by a hornet

Illustrated notes

Levels and vault maps discovered:
D:1:      kennysheep_arrival_forest, layout_basic, serial_shops,
          nicolae_shop_behind_doors, shop, shop_statue, basic_ecumenical_altar
D:2:      layout_basic, st_stairs_3, uniq_sigmund
D:3:      layout_basic, ashenzari_conservatory_becter, serial_shops,
          shop_fountains, nicolae_diamond_shop, shop,
          nicolae_shop_bloodbath_and_beyond, nicolae_shop_crystal,
          uniq_crazy_yiuf_cottage, uniq_natasha, uniq_grinder
D:4:      gammafunk_cloud_chamber, layout_loops_ring
D:5:      layout_loops_ring, hangedman_decor_clover_reticule, uniq_ijyb
D:6:      layout_cave_pods, mainiacjoe_overflow_alcove_2,
          mainiacjoe_overflow_alcove_4, uniq_edmund
D:7:      layout_layer_cave, old_standard_altar, marbit_many_paths,
          temple_fountains, kennysheep_decorative_pillar,
          kennysheep_windowed_goal
D:8:      layout_rooms, grunt_temple_overflow_magic_moments,
          minmay_lair_entry_grove, serial_ice, serial_ice_n, serial_ice_e,
          serial_ice_h, serial_ice_k, serial_ice_o, serial_ice_a, serial_ice_f,
          hellmonk_ghost_happy_afterlife, uniq_pikel
Lair:1:   layout_cave_shapes, minivault_19, infiniplex_staircase_pool
Lair:2:   layout_gridlike, gauntlet_entry_generic, grunt_megastairs_4,
          lemuel_fruit_tree, uniq_amaemon
Lair:3:   layout_big_grid, minmay_shoals_entry_lonely_mermaid,
          spider_nest_entry_web_field, lemuel_fruit_fields
Lair:4:   layout_loops_ring, slime_entry_1, grunt_megastairs_1
Lair:5:   minmay_lair_end_enchanted_forest, layout_long_grid,
          gammafunk_ghost_hive

Skill      XL: |  1  2  3  4  5  6  7  8  9 10 11 12 13 |
---------------+----------------------------------------+-----
Conjurations   | 1 3 4 5 6 7 |  7.3
Earth Magic    | 4 5 6 7 8 9 |  9.2
Spellcasting   | 3 4 5 6 7 8 9 |  9.1
Fighting       | 1 3 5 6 8 9 |  9.8
Dodging        | 2 3 4 5 6 7 |  7.7
Translocations | 1 2 4 5 6 7 8 |  8.0
Polearms       | 1 3 4 6 7 |  7.6
Fire Magic     | 2 4 |  4.4
Stealth        | |  2.1
Transmutations | |  0.7

Action                   |  1- 3 |  4- 6 |  7- 9 | 10-12 | 13-15 || total
-------------------------+-------+-------+-------+-------+-------++-------
Melee: Short sword       |     1 |       |       |       |       ||     1
       Staff             |     5 |       |    13 |    11 |     3 ||    32
Throw: Dart              |     3 |       |     2 |     5 |       ||    10
 Cast: Sandblast         |    55 |    15 |    48 |    46 |     9 ||   173
       Stone Arrow       |       |       |    92 |   193 |    25 ||   310
       Passwall          |       |       |     2 |       |       ||     2
       Gell's Gravitas   |       |       |     8 |     8 |       ||    16
       Teleport Other    |       |       |     1 |     1 |     2 ||     4
       Flame Wave        |       |       |       |    19 |     6 ||    25
       Iskenderun's Batt |       |       |       |    10 |     3 ||    13
Invok: Curse Item        |       |       |     4 |     1 |       ||     5
       Shatter the Chain |       |       |     1 |     1 |       ||     2
Evoke: Wand              |       |       |       |     1 |     1 ||     2
  Use: Scroll            |     3 |       |     2 |     5 |     3 ||    13
       Potion            |       |       |     3 |     9 |     3 ||    15
Armor: Robe              |     1 |       |       |       |       ||     1
       Leather armour    |    20 |     3 |    29 |       |       ||    52
       Steam dragon scal |       |       |    14 |   138 |    66 ||   218
Dodge: Dodged            |    27 |       |    60 |   187 |    70 ||   344

Table legend: (Time is in decaauts)
 A = Elapsed time spent in this place.
 B = Non-inter-level travel time spent in this place.
 C = Inter-level travel time spent in this place.
 D = Time resting spent in this place.
 E = Time spent auto-exploring this place.
 F = Levels seen in this place.
 G = Mean time per level.
                   A        B        C        D        E       F      G
               +--------+--------+--------+--------+--------+-----+--------+
         Total |  20148 |  18207 |   1941 |   8585 |   6809 |  14 | 1439.1 |
       Dungeon |  13291 |  11918 |   1373 |   5437 |   4875 |   8 | 1661.4 |
          Lair |   6023 |   5455 |    568 |   2627 |   1934 |   5 | 1204.6 |
      Gauntlet |    834 |    834 |      0 |    521 |      0 |   1 |  834.0 |
               +--------+--------+--------+--------+--------+-----+--------+

Top non-repeatable levels by time:
     D:7: 2687 daAuts
     D:8: 1856 daAuts
  Lair:2: 1846 daAuts
     D:6: 1845 daAuts
     D:3: 1713 daAuts
     D:1: 1615 daAuts
  Lair:1: 1613 daAuts
     D:2: 1466 daAuts
  Lair:4: 1245 daAuts
     D:4: 1207 daAuts
  Lair:3: 1185 daAuts
     D:5: 898 daAuts
Gauntlet: 834 daAuts
  Lair:5: 131 daAuts
